 Dungeon Crawl Stone Soup version 0.31-a0-222-gefeffbb62a (webtiles) character file.

Game seed: 15462300787177344095

254117 ragingrage the Prestidigitator (level 19, -11/126 HPs)
             Began as an Octopode Reaver on July 5, 2023.
             Was an Initiate of Gozag.
             Killed from afar by a ghostly deep elf annihilator (60 damage)
             ... with a crystal spear
             ... on level 3 of the Elven Halls.
             The game lasted 01:28:47 (49614 turns).

ragingrage the Prestidigitator (Octopode Reaver)   Turns: 49614, Time: 01:28:47

Health: -11/126    AC: 21    Str:  7    XL:     19   Next: 74%
Magic:  35/35      EV: 38    Int: 27    God:    Gozag
Gold:   5906       SH:  0    Dex: 24    Spells: 1/43 levels left

rFire   + . .        m - melded +3 flail of Eternal Night {drain, rC++ Int+3 Dex-5}
rCold   + . .        (shield currently unavailable)
rNeg    + . .        q - melded +2 hat
rPois   ∞            W - amulet of Vitality {RegenMP++ Regen++}
rElec   +            d - +4 ring of protection
rCorr   .            w - ring "Piovvale" {rPois rN+ Will++ Str-5 Dex+6}
SInv    +            U - +6 ring of intelligence
Will    +++..        g - ring of protection from cold
Stlth   +++          h - +6 ring of dexterity
HPRegen 2.01/turn    i - ring of Butchery {rF+ EV+5}
MPRegen 1.04/turn    Y - +5 ring of evasion
                     C - ring of see invisible

%: no passive effects
@: storm-form, wereblooded, flying, studying Evocations
A: cleaving, insubstantial, flying, almost no armour, amphibious, 8 rings,
(camouflage 1), (gelatinous body 1), (nimble swimmer 1), (tentacles)
}: 2/15 runes: decaying, serpentine
a: Blinkbolt, End Transformation, Renounce Religion, Potion Petition, Call
Merchant, Bribe Branch


You were on level 3 of the Elven Halls.
You worshipped Gozag.
Gozag was greatly pleased with you.
You were a lightning-filled tempest!
You visited 7 branches of the dungeon, and saw 34 of its levels.
You also visited: Gauntlet and Ice Cave.

You collected 13729 gold pieces.
You spent 7343 gold pieces at shops.
You donated 3 gold pieces to Zin.
You paid 477 gold pieces to Gozag.

Inventory:

Hand Weapons
 m - the +3 flail of Eternal Night (melded) {drain, rC++ Int+3 Dex-5}
   (You found it on level 3 of the Snake Pit)

   Int:       It affects your intelligence (+3).
   Dex:       It affects your dexterity (-5).
   rC:        It greatly protects you from cold.
Missiles
 x - 2 throwing nets
Armour
 q - a +2 hat (melded)
Jewellery
 a - a ring of resist corrosion
 c - a ring of wizardry
 d - a +4 ring of protection (left tentacle)
 g - a ring of protection from cold (on tentacle)
 h - a +6 ring of dexterity (on tentacle)
 i - the ring of Butchery (on tentacle) {rF+ EV+5}
   (You bought it in a shop on level 2 of the Orcish Mines)

   [ring of evasion]

   EV:        It affects your evasion (+5).
   rF:        It protects you from fire.
 w - the ring "Piovvale" (right tentacle) {rPois rN+ Will++ Str-5 Dex+6}
   (You bought it in a shop on level 4 of the Snake Pit)

   [ring of dexterity]

   Str:       It affects your strength (-5).
   Dex:       It affects your dexterity (+6).
   rPois:     It protects you from poison.
   rN:        It protects you from negative energy.
   Will:      It greatly increases your willpower.
 C - a ring of see invisible (on tentacle)
 G - a ring of protection from fire
 U - a +6 ring of intelligence (on tentacle)
 V - a ring of protection from cold
 W - the amulet of Vitality (around neck) {RegenMP++ Regen++}
   (You bought it in a shop on level 2 of the Orcish Mines)

   [amulet of magic regeneration]

   It increases your rate of magic regeneration.
   Regen:     It increases your rate of health regeneration.
 Y - a +5 ring of evasion (on tentacle)
Wands
 e - a wand of flame (33)
 r - a wand of iceblast (10)
 u - a wand of paralysis (22)
 X - a wand of digging (3)
Scrolls
 f - 5 scrolls of blinking
 j - 6 scrolls of vulnerability
 k - 12 scrolls of teleportation
 o - 5 scrolls of revelation
 z - 2 scrolls of immolation
 A - 6 scrolls of fog
 E - a scroll of silence
 H - a scroll of summoning
 J - 3 scrolls of poison
 L - 5 scrolls of fear
 M - 2 scrolls of enchant armour
 P - a scroll of torment
Potions
 b - 5 potions of might
 l - a potion of lignification
 p - a potion of invisibility
 s - a potion of cancellation
 t - 5 potions of attraction
 v - 6 potions of ambrosia
 y - a potion of berserk rage
 B - 4 potions of magic
 D - 4 potions of mutation
 F - a potion of resistance
 I - 11 potions of curing
 K - 6 potions of enlightenment
 Q - 13 potions of heal wounds
 R - 4 potions of haste
 Z - 8 potions of brilliance
Miscellaneous
 n - a sack of spiders
 N - a piece from Xom's chessboard (15/15)
 O - a lightning rod (inert)
 S - a phial of floods
 T - a phantom mirror


   Skills:
 + Level 10.2 Fighting
 - Level 6.8 Long Blades
 + Level 9.4 Dodging
 - Level 3.0 Stealth
 + Level 12.0 Unarmed Combat
 + Level 12.7 Spellcasting
 - Level 5.0 Conjurations
 - Level 5.0 Hexes
 - Level 14.0 Summonings
 - Level 1.0 Necromancy
 - Level 7.0 Translocations
 + Level 13.7 Transmutations
 - Level 14.0 Air Magic
 + Level 14.3 Evocations


You had one spell level left.
You knew the following spells:

 Your Spells              Type           Power      Damage    Failure   Level
a - Storm Form            Tmut/Air       37%        N/A       9%          7
b - Wereblood             Tmut           75%        N/A       1%          2
c - Summon Cactus Giant   Summ           37%        N/A       1%          6
d - Summon Forest         Summ/Tloc      32%        N/A       1%          5
e - Blink                 Tloc           100%       N/A       1%          2
f - Summon Mana Viper     Hex/Summ       62%        N/A       1%          5
g - Irradiate             Conj/Tmut      30%        3d21      1%          5
h - Manifold Assault      Tloc           53%        N/A       1%          4
i - Call Canine Familiar  Summ           75%        N/A       1%          3
j - Vhi's Electric Charg  Tloc/Air       100%       N/A       1%          3

Your spell library contained the following spells:

 Spells                   Type           Power      Damage    Failure   Level
 Summon Small Mammal      Summ           100%       N/A       0%          1
 Kiss of Death            Conj/Necr      100%       2d13      1%          1
 Magic Dart               Conj           100%       1d8       1%          1
 Sting                    Tmut/Pois      100%       1d8       1%          1
 Sandblast                Erth           34%        2d9       3%          1
 Cigotuvi's Dreadful Rot  Necr/Pois/Air  88%        N/A       1%          2
 Ensorcelled Hibernation  Hex/Ice        60%        N/A       1%          2
 Lesser Beckoning         Tloc           100%       N/A       1%          2
 Momentum Strike          Conj/Tloc      98%        3d10      1%          2
 Passwall                 Tmut/Erth      44%        N/A       1%          2
 Poisonous Vapours        Pois/Air       100%       N/A       1%          2
 Searing Ray              Conj           88%        2d7       1%          2
 Dazzling Flash           Conj/Hex       88%        N/A       1%          3
 Gell's Gravitas          Tloc           53%        N/A       1%          3
 Ignite Poison            Fire/Tmut/Pois 42%        N/A       1%          3
 Mephitic Cloud           Conj/Pois/Air  51%        N/A       1%          3
 Portal Projectile        Hex/Tloc       98%        N/A       1%          3
 Summon Guardian Golem    Hex/Summ       62%        N/A       1%          3
 Teleport Other           Tloc           53%        N/A       1%          3
 Tukima's Dance           Hex            44%        N/A       1%          3
 Petrify                  Tmut/Erth      53%        N/A       1%          4
 Summon Ice Beast         Ice/Summ       53%        N/A       1%          4
 Arcjolt                  Conj/Air       31%        1d41      1%          5
 Blade Hands              Tmut           37%        N/A       1%          5
 Volatile Blastmotes      Fire/Tloc      72%        2d16      2%          3
 Iskenderun's Mystic Bla  Conj/Tloc      49%        2d11      2%          4
 Sublimation of Blood     Necr           22%        N/A       3%          2
 Hailstorm                Conj/Ice       30%        3d8       3%          3
 Stone Arrow              Conj/Erth      60%        3d10      3%          3
 Fulminant Prism          Conj/Hex       22%        3d12      4%          4
 Monstrous Menagerie      Summ           37%        N/A       9%          7
 Summon Hydra             Summ           37%        N/A       9%          7
 Ozocubu's Armour         Ice            17%        N/A       10%         3
 Anguish                  Hex/Necr       16%        N/A       10%         4
 Leda's Liquefaction      Hex/Erth       15%        N/A       12%         4
 Iskenderun's Battlesphe  Conj           44%        2d10      12%         5
 Olgreb's Toxic Radiance  Pois           17%        N/A       32%         4
 Metabolic Englaciation   Hex/Ice        15%        N/A       32%         5
 Spellforged Servitor     Conj/Summ      31%        N/A       50%         7
 Maxwell's Capacitive Co  Air            37%        ∞         56%         8
 Borgnjor's Vile Clutch   Necr/Erth      9%         N/A       58%         5
 Lee's Rapid Deconstruct  Erth           8%         3d7*      65%         5
 Leda's Unmaking          Conj/Erth      15%        9d3       87%         6
 Starburst                Conj/Fire      15%        6d6       87%         6
 Death Channel            Necr           11%        N/A       97%         6
 Orb of Destruction       Conj           22%        9d8       98%         7
 Fire Storm               Conj/Fire      15%        8d4       100%        9
 Animate Armour           Summ/Erth      Unusable   N/A       N/A         4
 Animate Dead             Necr           Unusable   N/A       N/A         4
 Simulacrum               Ice/Necr       Unusable   N/A       N/A         6

Dungeon Overview and Level Annotations

Branches:
Dungeon (15/15)            Temple (1/1) D:4            Lair (5/5) D:9
  Swamp (4/4) Lair:3        Snake (4/4) Lair:3        Slime (0/5) Lair:4
    Orc (2/2) D:11            Elf (3/3) Orc:2        Vaults (0/5) D:13
 Depths (0/4) D:15          IceCv (visited)         Gauntlet (visited)

Altars:
Ashenzari
Cheibriados
Dithmenos
Elyvilon
Fedhas
Gozag
Hepliaklqana
Kikubaaqudgha
Makhleb
Nemelex Xobeh
Okawaru
Qazlal
Ru
Sif Muna
Trog
Uskayaw
Vehumet
Wu Jian
Xom
Yredelemnul
Zin
The Shining One

Shops:
D:4 :   D:7 [([*   Orc:1 :   Orc:2 :(*[=   Elf:3 ([   Snake:4 =:=

Annotations:
D:6 3 runed translucent doors, Leavold's ghost, novice OpCj; Maggie
D:9 exclusions: steam dragon and vampire
D:15 3 runed translucent doors, pokeman's ghost, journeyman DEHW
Lair:2 1 runed translucent door, exclusion: oklob plant, IYTBazzie's ghost, journeyman DjVM
Elf:2 3 runed translucent doors


Innate Abilities, Weirdness & Mutations

You are a lightning-filled tempest!
Your electrical attacks strike out in all directions at once.
You are incredibly evasive.
Your insubstantial body is immune to petrification, constriction, and being set on fire You are flying.
You are immune to poison.
Your armour is entirely melded.
You are incapable of wielding weapons or throwing items.
You cannot wear most types of armour.
You are amphibious.
You can wear up to eight rings at the same time.
((Your skin changes colour to match your surroundings (Stealth+).))
((Your rubbery body absorbs attacks. (AC +1, EV +1)))
((You are camouflaged when in or above water. (Stealth+)))
((You have tentacles for arms and can constrict up to eight enemies at once.))


Message History

You buffet the ghostly deep elf annihilator!
You batter the deep elf blademaster!!
The deep elf death mage is distracted by your dazzling golden aura.
The deep elf blademaster hits you but does no damage.
The deep elf blademaster completely misses you.
The ghostly deep elf annihilator casts a spell.
The ghostly deep elf annihilator blinks!
The ghostly deep elf master archer wields a +0 longbow.
The ghostly deep elf master archer shoots an arrow.
The arrow misses you.
The deep elf death mage shouts!
You hit the deep elf blademaster.
Lightning courses through the deep elf blademaster!!
Your punch misses the deep elf blademaster.
You hear a shout! x2
The deep elf blademaster hits you with a +0 rapier!
The deep elf blademaster completely misses you.
The ghostly deep elf master archer shoots an arrow.
The arrow hits you!!
* * * LOW HITPOINT WARNING * * *
The deep elf demonologist casts a spell.
The ghostly deep elf annihilator casts a spell at you.
The bolt of lightning hits you! You resist.
* * * LOW HITPOINT WARNING * * *
You hear a shout!
Blink to where?
Press: ? - help, Dir - move target, p - ghostly deep elf master archer
As you read the scroll of blinking, it crumbles to dust.
You bellow as the wereblood boils in your veins!
Okay, then. [a] - 264 gold - curing and magic [b] - 400 gold - heal wounds, curing and magic [c] - 520 gold - haste and resistance Purchase which effect?
You feel much better.
You feel better. Magic courses through your body.
You bellow as the wereblood boils in your veins!
The ghostly deep elf annihilator casts a spell at you.
The crystal spear hits you!!!
You die...
Your body crumbles into a pile of gold.

#§##.....##.# ##...#'####
#.§e......'## ##.....##
#..........## #.....<.#
#....e......####.......#
#...........'..'.......####
#...........#####......'...
#...........# ##...######
#.......e...# ###'#
##........v## #.#
##.......#'## #.#
##.....###.## #.# # ####'##
##.## #.# ## ###'### ##.##
##+## ##. ##.....##
##.###...###.# ##.......##
##'#.....#'##
##.......).#####...P...##
#^..........+..'..P⌠P..#


You could see a deep elf blademaster, a ghostly deep elf master archer and a
ghostly deep elf annihilator.

Vanquished Creatures
  Bai Suzhen (Swamp:4)
  Nikola (Swamp:4)
  A deep elf master archer (Elf:3)
  A deep elf blademaster (Elf:3)
  2 thorn hunters (Swamp:4)
  Donald (Swamp:4)
  A deep elf sorcerer (Elf:2)
  2 deep elf elementalists
  3 deep elf demonologists
  An eleionoma (Swamp:4)
  2 bunyips
  A deep elf death mage (Elf:3)
  A deep elf high priest (Elf:3)
  13 hydras
  2 ghost crabs
  2 two-headed ogres
  A centaur warrior (D:13)
  A naga warrior (Snake:4)
  11 dancing weapons
  6 alligators
  An orc high priest (Orc:2)
  A naga sharpshooter (Snake:4)
  11 deep elf knights
  A salamander mystic (Snake:4)
  4 goliath frogs
  3 spriggan druids
  A naga ritualist (Snake:4)
  3 lindwurms (Swamp:4)
  9 swamp dragons
  14 deep elf archers
  31 deep elf pyromancers
  An orc sorcerer (Orc:2)
  19 deep elf zephyrmancers
  2 mana vipers
  2 will-o-the-wisps
  2 elephants (Lair:3)
  A salamander (Snake:4)
  A worldbinder (Gauntlet)
  6 black mambas
  Joseph (D:7)
  A guardian serpent (Snake:4)
  2 torpor snails
  3 cane toads
  A kobold demonologist (D:8)
  A rime drake (Lair:1)
  2 komodo dragons
  A komodo dragon (shapeshifter) (Elf:2)
  3 nameless horrors
  An ice devil (Orc:1)
  2 bloated husks (Swamp:3)
  2 blink frogs (Lair:3)
  5 tyrant leeches
  7 hornets
  2 polar bears
  A raiju (Gauntlet)
  Sigmund (D:3)
  3 air elementals
  11 spriggans
  A wraith (D:12)
  5 water elementals
  2 fire elementals
  9 yaks
  Eustachio (D:5)
  2 wyverns
  2 steam dragons
  5 vampire mosquitoes
  Menkaure (D:7)
  4 nagas
  11 swamp worms
  A warg (D:11)
  7 water moccasins
  4 swamp drakes
  4 ice beasts
  A sky beast (D:8)
  A black bear (D:7)
  9 orc warriors
  3 ogres
  A boggart (Gauntlet)
  8 wolves
  5 centaurs
  4 phantoms
  3 kobold brigands
  3 earth elementals
  10 bullfrogs
  3 gnoll sergeants
  2 scorpions
  6 killer bees (D:9)
  An electric eel (Lair:5)
  9 hounds
  A jelly (D:8)
  10 orc priests
  Crazy Yiuf (D:7)
  An iguana (D:7)
  Natasha (thrice) (D:3)
  11 orc wizards
  5 adders
  16 gnolls
  A shadow imp (D:8)
  A white imp (D:8)
  2 ufetubi
  A worm (D:3)
  6 dart slugs
  46 orcs
  5 ball pythons
  5 endoplasms
  2 giant cockroaches
  9 goblins
  3 hobgoblins (D:2)
  5 quokkas
  6 bats
  A frilled lizard (D:2)
  17 kobolds
  7 rats
  A snaplasher vine (Orc:2)
511 creatures vanquished.

Vanquished Creatures (collateral kills)
  Jorgrun (Swamp:2)
  2 quicksilver dragons (Snake:4)
  A fenstrider witch (Swamp:2)
  3 nagarajas
  2 orc warlords
  A reaper (IceCv)
  A stone giant (D:15)
  5 eleionomae
  2 deep elf demonologists (Elf:3)
  Azrael (D:15)
  A deep elf annihilator (Elf:3)
  Snorg (D:11)
  A minotaur (Gauntlet)
  A deep elf high priest (Elf:3)
  5 salamander tyrants (Snake:4)
  Erolcha (D:12)
  10 hydras
  Fannar (Orc:1)
  An ogre mage (D:15)
  6 anacondas
  A ghost crab (Swamp:4)
  4 centaur warriors
  6 two-headed ogres
  5 alligators (Swamp:2)
  4 boulder beetles
  10 naga warriors
  A death knight (D:14)
  3 tengu warriors (D:15)
  3 orc high priests (Orc:2)
  5 death yaks (Lair:5)
  2 shock serpents (Snake:4)
  9 naga sharpshooters
  2 skysharks
  2 salamander mystics (Snake:3)
  A skeletal warrior (D:14)
  A goliath frog (Swamp:2)
  3 naga ritualists
  4 swamp dragons
  7 orc knights
  A wizard (D:15)
  7 mana vipers
  5 orc sorcerers
  A necromancer (D:15)
  2 deep elf pyromancers (D:12)
  An oklob plant (Lair:5)
  12 salamanders
  10 ugly things
  3 cyclopes
  2 manticores
  A will-o-the-wisp (Swamp:1)
  32 black mambas
  8 elephants
  3 guardian serpents
  17 naga magi
  2 ice statues (IceCv)
  A gargoyle (D:11)
  11 cane toads
  2 kobold demonologists (D:13)
  An unseen horror (D:12)
  A rime drake (Lair:4)
  4 komodo dragons
  An efreet (D:14)
  3 freezing wraiths
  7 ice devils
  5 trolls
  5 polar bears
  2 tyrant leeches (Swamp:1)
  A queen bee (shapeshifter) (D:13)
  10 blink frogs
  5 nameless horrors
  5 hornets
  9 dream sheep
  2 shadows
  A harpy skeleton (D:15)
  A centaur simulacrum (D:14)
  12 spriggans
  7 slime creatures
  34 yaks
  A vampire (D:13)
  5 wraiths
  A golden eye (shapeshifter) (D:12)
  A steam dragon (Lair:2)
  3 basilisks
  2 fire elementals (D:15)
  A death yak simulacrum (IceCv)
  6 vampire mosquitoes
  3 swamp worms
  36 nagas
  A warg (Orc:2)
  An acid dragon (D:10)
  6 water moccasins
  2 hell hounds (D:15)
  38 orc warriors
  2 black bears (Lair:5)
  2 hornet zombies (D:15)
  A swamp drake (Swamp:4)
  33 wolves
  8 boggarts
  2 centaurs (D:13)
  6 ogres
  5 bullfrogs
  4 two-headed ogre simulacra (IceCv)
  3 cane toad simulacra (IceCv)
  2 elephant simulacra (IceCv)
  2 electric eels
  3 howler monkeys (D:12)
  22 orc priests
  A sleepcap (D:8)
  27 orc wizards
  4 spriggan simulacra (IceCv)
  A troll simulacrum (IceCv)
  A wolf simulacrum (IceCv)
  A polar bear simulacrum (IceCv)
  2 gnolls (D:9)
  3 naga simulacra (IceCv)
  2 white imps (IceCv)
  An ufetubus (IceCv)
  54 orcs
  5 kobolds
  A snaplasher vine (Orc:2)
662 creatures vanquished.

Vanquished Creatures (others)
  A gargoyle (D:8)
  A naga mage (Snake:2)
  3 komodo dragons
  A hornet (D:8)
  3 bloated husks
  3 yaks (Lair:1)
  A spriggan (Swamp:3)
  A basilisk (D:8)
  A naga (Snake:3)
  An orc warrior (Orc:1)
  A centaur (D:8)
  A killer bee (D:8)
  An orc priest (Orc:1)
  3 gnolls
  An orc (Orc:1)
  2 foxfires (Swamp:1)
  33 snaplasher vines
58 creatures vanquished.

Grand Total: 1231 creatures vanquished

Notes
Turn   | Place    | Note
-------+----------+-------------------------------------------
     0 | D:1      | ragingrage the Octopode Reaver began the quest for the Orb.
     0 | D:1      | Reached XP level 1. HP: 14/14 MP: 3/3
    80 | D:1      | Reached skill level 1 in Necromancy
    80 | D:1      | Reached XP level 2. HP: 8/19 MP: 5/5
   515 | D:1      | Found a faded altar of an unknown god.
   553 | D:1      | Prayed at the altar of an unknown god.
   553 | D:1      | Became a worshipper of Zin the Law-Giver
   553 | D:1      | Reached * piety under Zin
   588 | D:1      | Reached XP level 3. HP: 24/24 MP: 6/6
   588 | D:1      | Fell from the grace of Zin
   910 | D:2      | Learned a level 2 spell: Momentum Strike
  1040 | D:2      | Reached skill level 1 in Stealth
  1069 | D:2      | Reached XP level 4. HP: 21/29 MP: 7/7
  1110 | D:2      | Noticed a gnoll sergeant
  1110 | D:2      | Found the +5 woodcutter's axe
  1176 | D:2      | Reached skill level 1 in Translocations
  1857 | D:3      | Noticed Sigmund
  2355 | D:3      | Killed Sigmund
  2356 | D:3      | Reached skill level 5 in Long Blades
  2356 | D:3      | Reached XP level 5. HP: 6/34 MP: 6/8
  2356 | D:3      | Reached XP level 6. HP: 7/39 MP: 6/9
  2730 | D:3      | Noticed Natasha
  3108 | D:3      | Killed Natasha
  3587 | D:3      | Noticed Natasha
  3593 | D:3      | Killed Natasha
  3901 | D:3      | Noticed Natasha
  3908 | D:3      | Killed Natasha
  4014 | D:4      | Reached XP level 7. HP: 24/45 MP: 10/10
  4232 | D:4      | Found Hoosmybo's Book Emporium.
  4330 | D:4      | Found a staircase to the Ecumenical Temple.
  4639 | Temple   | Entered the Ecumenical Temple
  4646 | Temple   | Became a worshipper of Gozag Ym Sagoz the Greedy
  5060 | D:5      | Entered Level 5 of the Dungeon
  5167 | D:5      | Found an ancient bone altar of Kikubaaqudgha.
  5427 | D:5      | Found a radiant altar of Vehumet.
  5430 | D:5      | Found a hide-covered altar of Uskayaw.
  5454 | D:5      | Noticed Eustachio
  5468 | D:5      | Killed Eustachio
  5469 | D:5      | Reached XP level 8. HP: 47/53 MP: 12/14
  5538 | D:4      | Bought a book of Callings for 200 gold pieces
  5542 | D:4      | Learned a level 3 spell: Call Canine Familiar
  5546 | D:4      | Learned a level 3 spell: Summon Guardian Golem
  5634 | D:5      | Reached skill level 1 in Summonings
  5800 | D:5      | Identified the +2 chain mail of Watchfulness {Dex+5 Slay-2}
  5826 | D:5      | Found a shimmering altar of Xom.
  5827 | D:5      | Found a shimmering altar of Xom.
  6151 | D:5      | Found a shimmering altar of Xom.
  6754 | D:5      | Reached skill level 5 in Summonings
  7003 | D:6      | Reached XP level 9. HP: 57/57 MP: 15/15
  7021 | D:6      | Noticed Maggie
  7426 | D:6      | Found a runed translucent gate.
  7426 | D:6      | Found a runed translucent gate.
  7426 | D:6      | Found a runed translucent gate.
  7429 | D:6      | Noticed Leavold's ghost (novice OpCj)
  7719 | D:6      | Learned a level 2 spell: Blink
  8164 | D:7      | Noticed Joseph
  8317 | D:7      | Found Teaq's Antique Weapon Shoppe.
  8317 | D:7      | Found Qichi's Antique Armour Shoppe.
  8317 | D:7      | Found Lomagonwei's General Store.
  8559 | D:7      | Reached skill level 1 in Hexes
  8740 | D:7      | Noticed Menkaure
  8779 | D:7      | Killed Menkaure
  9140 | D:7      | Found a runed translucent door.
  9141 | D:7      | Noticed Crazy Yiuf
  9648 | D:8      | Reached XP level 10. HP: 46/63 MP: 14/16
  9753 | D:8      | Reached skill level 10 in Summonings
  9866 | D:8      | Noticed a boulder beetle
  9874 | D:8      | Noticed a manticore
  9874 | D:8      | Noticed a gargoyle
 10319 | D:8      | Reached skill level 5 in Fighting
 10325 | D:8      | Killed a gargoyle
 10401 | D:8      | Noticed a kobold demonologist
 10415 | D:8      | Killed a kobold demonologist
 11212 | D:8      | Killed a boulder beetle
 11406 | D:4      | Bought a book of the Wilderness for 380 gold pieces
 11406 | D:4      | Bought an Inescapable Atlas for 320 gold pieces
 11413 | D:4      | Learned a level 6 spell: Summon Cactus Giant
 11573 | D:7      | Killed Crazy Yiuf
 12016 | D:7      | Killed Joseph
 12280 | D:7      | Found Benzaiten's Dragon-Slaying Spoils.
 12379 | D:8      | Got the Monograph on Captivating Infection
 12494 | D:8      | Paralysed by a hornet for 3 turns
 13019 | D:8      | Reached skill level 5 in Spellcasting
 13029 | D:8      | Reached XP level 11. HP: 71/71 MP: 18/18
 13655 | D:9      | Noticed a nameless horror
 13670 | D:9      | Killed a nameless horror
 14068 | D:9      | Found a staircase to the Lair.
 14399 | D:9      | Learned a level 3 spell: Mephitic Cloud
 14774 | Lair:1   | Entered Level 1 of the Lair of Beasts
 14928 | Lair:1   | Reached skill level 1 in Air Magic
 16297 | Lair:2   | Learned a level 4 spell: Manifold Assault
 16464 | Lair:2   | Reached skill level 5 in Translocations
 16488 | Lair:2   | Noticed a skyshark
 16494 | Lair:2   | Killed a skyshark
 16495 | Lair:2   | Reached XP level 12. HP: 77/77 MP: 13/22
 17234 | Lair:2   | Found a runed translucent door.
 17330 | Lair:2   | Noticed IYTBazzie's ghost (journeyman DjVM)
 17333 | Lair:2   | Identified the +4 trident of Excruciating Pain {elec,
                  | +Blink Will+ Int-5}
 17552 | Lair:2   | Noticed a four-headed hydra
 17600 | Lair:2   | Killed a four-headed hydra
 18057 | Lair:3   | Learned a level 5 spell: Summon Forest
 18076 | Lair:3   | Found a staircase to the Snake Pit.
 18112 | Lair:3   | Found a gate leading to a gauntlet.
 18149 | Gauntlet | Entered a Gauntlet
 18149 | Gauntlet | Found a transporter.
 18149 | Gauntlet | Found a transporter.
 18165 | Gauntlet | Found a transporter.
 18176 | Gauntlet | Found a large runed translucent door.
 18177 | Gauntlet | Found a large runed translucent door.
 18178 | Gauntlet | Found a large runed translucent door.
 18178 | Gauntlet | Found a large runed translucent door.
 18178 | Gauntlet | Found a large runed translucent door.
 18178 | Gauntlet | Found a large runed translucent door.
 18178 | Gauntlet | Found a large runed translucent door.
 18178 | Gauntlet | Found a large runed translucent door.
 18179 | Gauntlet | Found a runed translucent door.
 18179 | Gauntlet | Found a runed translucent gate.
 18180 | Gauntlet | Found a runed translucent gate.
 18180 | Gauntlet | Found a transporter.
 18180 | Gauntlet | Found a transporter.
 18180 | Gauntlet | Found a transporter.
 18182 | Gauntlet | Found a transporter.
 18182 | Gauntlet | Found a transporter.
 18184 | Gauntlet | Noticed a reaper
 18194 | Gauntlet | Found a transporter.
 18210 | Gauntlet | Found a transporter.
 18218 | Gauntlet | Found a runed translucent door.
 18220 | Gauntlet | Found a transporter.
 18222 | Gauntlet | Found a runed translucent door.
 18225 | Gauntlet | Found a transporter.
 18259 | Gauntlet | Found a large runed translucent door.
 18260 | Gauntlet | Found a large runed translucent door.
 18261 | Gauntlet | Found a large runed translucent door.
 18261 | Gauntlet | Found a large runed translucent door.
 18261 | Gauntlet | Found a large runed translucent door.
 18261 | Gauntlet | Found a large runed translucent door.
 18262 | Gauntlet | Found a runed translucent gate.
 18262 | Gauntlet | Found a large runed translucent door.
 18262 | Gauntlet | Found a runed translucent door.
 18262 | Gauntlet | Found a large runed translucent door.
 18267 | Gauntlet | Found a transporter.
 18281 | Gauntlet | Found a transporter.
 18856 | Gauntlet | Identified the +7 hand axe "Lott" {drain, rC++}
 18856 | Gauntlet | Noticed a minotaur
 18898 | Gauntlet | Killed a minotaur
 19001 | Gauntlet | Got Unorghab's Folio of Bruises and Clay
 19204 | Lair:3   | Reached skill level 10 in Spellcasting
 19254 | Lair:3   | Found a staircase to the Swamp.
 19294 | Lair:3   | Reached skill level 5 in Air Magic
 19516 | Lair:3   | Noticed a skyshark
 19528 | Lair:3   | Killed a skyshark
 19529 | Lair:3   | Reached XP level 13. HP: 81/81 MP: 21/27
 19822 | Lair:3   | Learned a level 5 spell: Summon Mana Viper
 20536 | Lair:4   | Found a staircase to the Slime Pits.
 21687 | Lair:4   | Reached skill level 5 in Dodging
 21986 | Lair:5   | Entered Level 5 of the Lair of Beasts
 22268 | Lair:5   | Reached skill level 5 in Hexes
 22763 | Lair:5   | Reached XP level 14. HP: 77/94 MP: 5/29
 23488 | Lair:5   | Paralysed by a hornet for 2 turns
 24308 | Lair:5   | Identified the +6 quarterstaff "Gadgh" {flame, rElec Int+3}
 25142 | Lair:5   | Found the +3 giant club "Skullcrusher" {speed, Str+7}
 25540 | D:10     | Entered Level 10 of the Dungeon
 25758 | D:10     | Reached skill level 1 in Evocations
 27089 | D:11     | Found a staircase to the Orcish Mines.
 27323 | D:11     | Noticed Snorg
 27329 | D:11     | Killed Snorg
 28091 | Orc:1    | Entered Level 1 of the Orcish Mines
 28353 | D:11     | Learned a level 7 spell: Storm Form
 28457 | Orc:1    | Reached skill level 1 in Transmutations
 28609 | Orc:1    | Noticed Fannar
 28617 | Orc:1    | Killed Fannar
 28738 | Orc:1    | Found a frozen archway.
 28782 | IceCv    | Entered an ice cave
 29562 | IceCv    | Noticed a reaper
 29595 | IceCv    | Killed a reaper
 30492 | Orc:2    | Entered Level 2 of the Orcish Mines
 30740 | Orc:2    | Found a staircase to the Elven Halls.
 31027 | Orc:2    | Paralysed by an orc sorcerer for 2 turns
 31041 | Orc:2    | Noticed an orc warlord
 31063 | Orc:2    | Reached XP level 15. HP: 98/98 MP: 4/30
 31070 | Orc:2    | Killed an orc warlord
 31071 | Orc:2    | Reached skill level 5 in Evocations
 31457 | Orc:1    | Found Debbamm's Vocational Training.
 31538 | Orc:1    | Bought a manual of Evocations for 960 gold pieces
 32062 | Orc:2    | Noticed an orc warlord
 32455 | Orc:1    | Killed an orc warlord
 32915 | Orc:2    | Reached skill level 5 in Transmutations
 33410 | Orc:2    | Paralysed by an orc sorcerer for 4 turns
 33964 | Orc:2    | Found Hiucroill's Jewellery Emporium.
 33972 | Orc:2    | Bought the amulet of Vitality {RegenMP++ Regen++} for 1400
                  | gold pieces
 33972 | Orc:2    | Found the amulet of Vitality {RegenMP++ Regen++}
 33983 | Orc:2    | Bought the ring of Butchery {rF+ EV+5} for 700 gold pieces
 33988 | Orc:2    | Bought a +5 ring of evasion for 504 gold pieces
 34140 | Orc:2    | Found Utedd's Antique Armour Boutique.
 34141 | Orc:2    | Found Fikin's Antique Weapon Boutique.
 34143 | Orc:2    | Found Dioridorph's General Store.
 34143 | Orc:2    | Found Dugig's Book Shop.
 34148 | Orc:2    | Bought a potion of brilliance for 56 gold pieces
 34148 | Orc:2    | Bought a scroll of blinking for 105 gold pieces
 34325 | D:12     | Reached skill level 10 in Air Magic
 34761 | D:12     | Found a bloodstained altar of Trog.
 35268 | D:12     | Noticed Erolcha
 35274 | D:12     | Killed Erolcha
 35922 | D:13     | Reached skill level 10 in Evocations
 35966 | D:13     | Found a gate to the Vaults.
 36575 | D:14     | Found a hide-covered altar of Uskayaw.
 36577 | D:14     | Identified the +9 trident "Qeuxkudil" {flame, *Slow MP+9
                  | Str+8 Dex+3}
 36641 | D:14     | Identified the +9 trident of Indomitability {heavy, rElec
                  | rF- rN+++ rCorr}
 36811 | D:14     | Found a blossoming altar of Fedhas.
 37064 | D:15     | Entered Level 15 of the Dungeon
 37121 | D:15     | Noticed Azrael
 37173 | D:15     | Killed Azrael
 37321 | D:15     | Reached XP level 16. HP: 69/105 MP: 21/31
 38037 | D:15     | Found a runed translucent gate.
 38039 | D:15     | Found a runed translucent gate.
 38039 | D:15     | Found a runed translucent gate.
 38071 | D:15     | Noticed pokeman's ghost (journeyman DEHW)
 38366 | D:15     | Found a staircase to the Depths.
 38776 | Snake:1  | Entered Level 1 of the Snake Pit
 39142 | Snake:1  | Got Yfug's Volume of Imprecation and Transmigration
 39690 | Orc:2    | Bought Maxwell's Memoranda for 494 gold pieces
 41042 | Snake:1  | Learned a level 5 spell: Irradiate
 41172 | Snake:3  | Reached skill level 10 in Transmutations
 41365 | Snake:3  | Identified the +3 flail of Eternal Night {drain, rC++ Int+3
                  | Dex-5}
 41446 | Snake:3  | Reached XP level 17. HP: 90/111 MP: 33/33
 42286 | Snake:4  | Entered Level 4 of the Snake Pit
 42793 | Snake:4  | Reached skill level 5 in Conjurations
 43182 | Snake:4  | Noticed a quicksilver dragon
 43189 | Snake:4  | Killed a quicksilver dragon
 43194 | Snake:4  | Noticed a quicksilver dragon
 43208 | Snake:4  | Killed a quicksilver dragon
 43669 | Snake:4  | Got a serpentine rune of Zot
 43722 | Snake:4  | Found Tirydow's Jewellery Emporium.
 43722 | Snake:4  | Found Raomm's Book Boutique.
 43723 | Snake:4  | Found Kayhynih's Jewellery Emporium.
 43729 | Snake:4  | Bought the ring "Piovvale" {rPois rN+ Will++ Str-5 Dex+6}
                  | for 1207 gold pieces
 43740 | Snake:4  | Bought a ring of see invisible for 255 gold pieces
 43746 | Snake:4  | Bought a ring of wizardry for 510 gold pieces
 44086 | Snake:4  | Reached skill level 1 in Unarmed Combat
 44554 | Swamp:1  | Entered Level 1 of the Swamp
 45220 | Swamp:2  | Noticed Jorgrun
 45241 | Swamp:2  | Killed Jorgrun
 45377 | Swamp:2  | Reached XP level 18. HP: 118/118 MP: 30/34
 45534 | Swamp:2  | Reached skill level 5 in Unarmed Combat
 45899 | Swamp:3  | Learned a level 2 spell: Wereblood
 46423 | Swamp:4  | Entered Level 4 of the Swamp
 46423 | Swamp:4  | Noticed Donald
 46433 | Swamp:4  | Killed Donald
 46465 | Swamp:4  | Noticed Bai Suzhen
 46483 | Swamp:4  | Killed Bai Suzhen
 46627 | Swamp:4  | Reached skill level 10 in Unarmed Combat
 46834 | Swamp:4  | Noticed Nikola
 46847 | Swamp:4  | Killed Nikola
 47030 | Swamp:4  | Got a decaying rune of Zot
 47361 | Elf:1    | Entered Level 1 of the Elven Halls
 47431 | Elf:1    | Reached XP level 19. HP: 124/124 MP: 35/35
 47514 | Elf:1    | Learned a level 3 spell: Vhi's Electric Charge
 47759 | Elf:1    | Paralysed by an air elemental for 1 turns
 48109 | Elf:1    | Got the Codex of the Escort
 48986 | Elf:2    | Reached skill level 10 in Fighting
 49171 | Elf:2    | Found a runed translucent gate.
 49172 | Elf:2    | Found a runed translucent gate.
 49172 | Elf:2    | Found a runed translucent gate.
 49229 | Elf:3    | Entered Level 3 of the Elven Halls
 49338 | Elf:3    | Paralysed by an air elemental for 1 turns
 49390 | Elf:3    | Found Emesif's Jewellery Emporium.
 49401 | Elf:3    | Found Goynoetu's Antique Armour Shoppe.
 49402 | Elf:3    | Found Uckikkuh's Weapon Emporium.
 49406 | Elf:3    | Bought a spiked hat for 252 gold pieces
 49406 | Elf:3    | Identified the +3 hat "Tycafuo" {-Tele Slay+3 SInv} (You
                  | bought it in a shop on level 3 of the Elven Halls)
 49614 | Elf:3    | Killed from afar by a ghostly deep elf annihilator

Illustrated notes

Levels and vault maps discovered:
D:1:      saegor_arrival_simple_b, layout_basic,
          shapermc_ecumenical_altar_notcrosses
D:2:      layout_basic, pf_guarded_unrand_woodcutter
D:3:      layout_rooms, serial_co_window_serial, co_window_paths_b,
          co_window_corner_a, co_window_paths_a, co_window_paths_a,
          co_window_corner_a, co_window_paths_b, co_window_paths_b,
          co_window_2corner, co_window_unsneaky_path_c,
          co_window_unsneaky_path_a, co_window_of_opportunity_b,
          co_window_paths_c, co_window_corner_b, glass_columns_b,
          glass_columns_c, minmay_increasing_density, uniq_natasha, uniq_sigmund
D:4:      layout_loops_ring, minmay_temple_entry_sparse_star, serial_shops,
          shop, minmay_misc_feat_hallway, nicolae_concentric_dashed_squares_wild
D:5:      layout_rooms, grunt_temple_overflow_open, xom_redecorated,
          uniq_eustachio
D:6:      layout_basic, gammafunk_ghost_necromancy, uniq_maggie
D:7:      layout_cave_pools, nicolae_shop_dragon_depot,
          nicolae_shop_distant_corner_stores, chequers_decorated_corner,
          uniq_menkaure, uniq_crazy_yiuf_cottage, uniq_joseph
D:8:      nzn_winding_woodlands_stair_cross
          [nzn_winding_woodlands_5x15_longhouse,
          nzn_winding_woodlands_center_triple_pond,
          nzn_winding_woodlands_5x15_sawtooth,
          nzn_winding_woodlands_5x5_checkerboard,
          nzn_winding_woodlands_5x5_three, nzn_winding_woodlands_5x15_default,
          nzn_winding_woodlands_center_garden,
          nzn_winding_woodlands_5x15_pockets], layout_basic, serial_aquarium,
          aquarium_bridge_island_small [aquarium_subvault_small_water,
          aquarium_subvault_window, aquarium_subvault_window,
          aquarium_subvault_bridge, aquarium_subvault_window],
          aquarium_window_1, aquarium_window_2, aquarium_window_1,
          aquarium_view_2d
D:9:      layout_loops_ring, david_lair_shrubbed
D:10:     layout_layer_cave, serial_bayou_pond_c
D:11:     layout_loops_cross, orc_david_3, uniq_snorg
D:12:     layout_small_grid, trog_three_pillars_becter, uniq_erolcha
D:13:     layout_big_octagon, david_vaults_1, serial_bayou_pond_b
D:14:     layout_cave_pods, fedhas_altar_2, dancing_weapons_uskayaw
D:15:     grunt_enter_depths_snipers, layout_gridville, gammafunk_ghost_split,
          uniq_azrael
Temple:   nicolae_temple_no_exploring_needed
Lair:1:   layout_gridlike, serial_bayou_shore_b
Lair:2:   layout_roguey, ebering_ghost_funeral_grove,
          infiniplex_staircase_pool_2
Lair:3:   layout_cave_pods, swamp_mist_pool, minmay_snake_entry_guardpost_small,
          gauntlet_entry_generic, serial_bayou_shore_b
Lair:4:   layout_roguey, slime_entry_1
Lair:5:   minmay_lair_end_enchanted_forest, layout_long_grid,
          minmay_lair_oklob_items, infiniplex_staircase_pool
Swamp:1:  layout_basic_swamp, evilmike_swamp_ruin_house_3,
          nicolae_swamp_bean_lake
Swamp:2:  layout_basic_swamp, serial_swamp_ruin, hangedman_swamp_ruin_wall,
          evilmike_swamp_ruin_house_4, uniq_jorgrun
Swamp:3:  layout_falls_marsh, nicolae_swamp_little_tower, swamp_pool4
Swamp:4:  swamp_alternative, layout_basic_swamp, swamp_pool3, uniq_nikola,
          uniq_bai_suzhen, uniq_donald
Snake:1:  layout_cave_shapes
Snake:2:  layout_onion, nicolae_snake_gridmaze_spiral, grunt_megastairs_4
Snake:3:  layout_cave_town, eino_curves_03
Snake:4:  hellmonk_snake_rune_quicksilver_temple, layout_chambers,
          grunt_megastairs_5, minmay_shop_grove
Orc:1:    layout_caves, basic_altar, portal_ice_cave_demonic_guard,
          nicolae_shop_vocational, uniq_fannar
Orc:2:    st_orc_congregation, layout_caves, serial_shops,
          nicolae_shop_gaudy_bauble
Elf:1:    minmay_elf_arrival_plus, layout_loops_ring, minmay_elf_demonology,
          billiards_dpeg
Elf:2:    nicolae_elf_blades_crystal_corner, layout_loops_corners
Elf:3:    elf_hall, layout_geoelf_grid, minivault_16, minmay_shop_star

Skill      XL: |  1  2  3  4  5  6  7  8  9 10 11 12 13 14 15 16 17 18 19 |
---------------+----------------------------------------------------------+-----
Necromancy     | 1 |  1.0
Long Blades    | 4 5 6 |  6.8
Stealth        | 1 3 |  3.0
Translocations | 2 3 5 7 |  7.0
Spellcasting   | 4 5 7 10 11 12 | 12.7
Fighting       | 3 5 8 9 10 | 10.2
Summonings     | 6 9 12 13 14 | 14.0
Hexes          | 3 5 |  5.0
Air Magic      | 4 5 6 9 11 12 14 | 14.0
Dodging        | 7 8 9 |  9.4
Evocations     | 4 11 12 13 14 | 14.3
Transmutations | 3 7 10 12 13 | 13.7
Conjurations   | 5 |  5.0
Unarmed Combat | 4 11 12 | 12.0

Action                     |  1- 3 |  4- 6 |  7- 9 | 10-12 | 13-15 | 16-18 | 19-21 || total
---------------------------+-------+-------+-------+-------+-------+-------+-------++-------
  Melee: Long sword        |    47 |    85 |    55 |       |       |       |       ||   187
         Falchion          |     3 |       |       |       |       |       |       ||     3
         Constrict         |    13 |    21 |    51 |    35 |    32 |     6 |     1 ||   159
         Tentacles         |     6 |    10 |    51 |    67 |    50 |    11 |     3 ||   198
         Punch             |       |     1 |     3 |     4 |     1 |    31 |    25 ||    65
         Dagger            |       |     5 |       |       |       |       |       ||     5
         Battleaxe         |       |       |   199 |   283 |   155 |    49 |       ||   686
         Hand axe          |       |       |       |       |     6 |       |       ||     6
         Unarmed           |       |       |       |       |       |   340 |   293 ||   633
         Flail             |       |       |       |       |       |     2 |     3 ||     5
  Throw: Dart              |       |       |    15 |       |       |       |       ||    15
   Cast: Kiss of Death     |       |     2 |       |       |       |       |       ||     2
         Call Canine Famil |       |       |     7 |    37 |     5 |     2 |       ||    51
         Summon Guardian G |       |       |     3 |    15 |       |       |       ||    18
         Summon Cactus Gia |       |       |       |    30 |   174 |   111 |     1 ||   316
         Blink             |       |       |       |     4 |     2 |       |       ||     6
         Manifold Assault  |       |       |       |     2 |     4 |     8 |    37 ||    51
         Summon Forest     |       |       |       |     1 |    91 |    78 |     1 ||   171
         Summon Mana Viper |       |       |       |       |   154 |   108 |     5 ||   267
         Mephitic Cloud    |       |       |       |       |     1 |       |       ||     1
         Storm Form        |       |       |       |       |       |    37 |    16 ||    53
         Wereblood         |       |       |       |       |       |    13 |    16 ||    29
 Invoke: Renounce Religion |     1 |       |       |       |       |       |       ||     1
         Potion Petition   |       |       |       |       |       |       |     1 ||     1
Ability: Blinkbolt         |       |       |       |       |       |     1 |     1 ||     2
  Evoke: Wand              |       |       |     3 |     8 |     5 |     2 |       ||    18
         Lightning rod     |       |       |       |       |     1 |       |     4 ||     5
         Phantom mirror    |       |       |       |       |       |     1 |       ||     1
         Phial of floods   |       |       |       |       |       |     1 |       ||     1
    Use: Scroll            |     1 |     4 |     2 |     6 |    10 |     4 |     8 ||    35
         Potion            |       |     4 |       |     7 |       |       |       ||    11
   Stab: Sleeping          |     2 |    13 |     8 |     3 |     1 |       |       ||    27
         Distracted        |       |       |       |     2 |     1 |    14 |     2 ||    19
         Confused          |       |       |       |       |       |     2 |       ||     2
 Armour: Skin              |     8 |    16 |    51 |    82 |    41 |   104 |    48 ||   350
  Dodge: Dodged            |    25 |    51 |   143 |   205 |   230 |   709 |   329 ||  1692
  Block: Other             |       |       |    27 |    66 |       |       |       ||    93
         Reflection        |       |       |     1 |     5 |       |       |       ||     6

Table legend: (Time is in decaauts)
 A = Elapsed time spent in this place.
 B = Non-inter-level travel time spent in this place.
 C = Inter-level travel time spent in this place.
 D = Time resting spent in this place.
 E = Time spent auto-exploring this place.
 F = Levels seen in this place.
 G = Mean time per level.
                   A        B        C        D        E       F      G
               +--------+--------+--------+--------+--------+-----+--------+
         Total |  49610 |  46385 |   3225 |   9995 |  27359 |  36 | 1378.1 |
       Dungeon |  22455 |  20601 |   1854 |   5077 |  12237 |  15 | 1497.0 |
        Temple |     14 |      1 |     13 |      0 |      0 |   1 |   14.0 |
          Lair |  10071 |   9426 |    645 |   2063 |   5919 |   5 | 2014.2 |
         Swamp |   2589 |   2486 |    103 |     35 |   1649 |   4 |  647.2 |
     Snake Pit |   5381 |   5081 |    300 |    567 |   3203 |   4 | 1345.2 |
  Orcish Mines |   4464 |   4236 |    228 |   1142 |   2124 |   2 | 2232.0 |
   Elven Halls |   2182 |   2102 |     80 |     77 |   1361 |   3 |  727.3 |
      Ice Cave |   1542 |   1542 |      0 |    644 |    589 |   1 | 1542.0 |
      Gauntlet |    908 |    908 |      0 |    390 |    277 |   1 |  908.0 |
               +--------+--------+--------+--------+--------+-----+--------+

Top non-repeatable levels by time:
  Lair:5: 3371 daAuts
   Orc:2: 2844 daAuts
     D:8: 2504 daAuts
 Snake:4: 2181 daAuts
     D:7: 2109 daAuts
     D:3: 2089 daAuts
  Lair:2: 1996 daAuts
     D:6: 1786 daAuts
     D:4: 1648 daAuts
  Lair:3: 1646 daAuts
   Orc:1: 1619 daAuts
     D:9: 1610 daAuts
    D:10: 1558 daAuts
   IceCv: 1542 daAuts
    D:11: 1541 daAuts
